 Dungeon Crawl Stone Soup version 0.18-a0-1354-gbc5753f (webtiles) character file.

983 gorblad the Skirmisher (level 7, -2/60 HPs)
             Began as a Mummy Fighter on Feb 20, 2016.
             Was an Initiate of Cheibriados.
             Shot with an arrow by a centaur (10 damage)
             ... on level 6 of the Dungeon.
             The game lasted 00:07:16 (5097 turns).

gorblad the Skirmisher (Mummy Fighter)              Turns: 5097, Time: 00:07:16

Health: -2/60      AC:  9    Str: 23    XL:     7   Next: 96%
Magic:  7/7        EV:  5    Int:  8    God:    Cheibriados [......]
Gold:   177        SH: 11    Dex: 12    Spells: 0 memorised, 6 levels left

rFire  x . .     SeeInvis .     a - +2 flail
rCold  + . .     Gourm    .     k - +1 chain mail
rNeg   + + +     Faith    .     c - +2 shield
rPois  ∞         Spirit   .     (no helmet)
rElec  .         Dismiss  .     (no cloak)
rCorr  .         Reflect  .     (no gloves)
SustAt .         Harm     .     (no boots)
MR     .....                    i - amulet of regeneration
Stlth  ..........               (no ring)
                                (no ring)

@: very slow, not resistant to hostile enchantments, extremely unstealthy
A: no food or potions, fire vulnerability, cold resistance 1, negative energy
resistance 3, torment resistance, unbreathing
a: Bend Time, Renounce Religion


You were on level 6 of the Dungeon.
You worshipped Cheibriados.
Cheibriados was noncommittal.
You were not hungry.

You visited 2 branches of the dungeon, and saw 7 of its levels.

You collected 177 gold pieces.

Inventory:

Hand Weapons
 a - a +2 flail (weapon)
Armour
 b - a +0 scale mail
 c - a +2 shield (worn)
 k - a +1 chain mail (worn)
Jewellery
 d - an uncursed ring of positive energy {unknown}
 g - an uncursed amulet of magic regeneration {unknown}
 i - an amulet of regeneration (around neck)
Wands
 j - a wand of acid (7/15)
Scrolls
 e - 8 scrolls of identify
 f - a scroll of magic mapping
 h - a scroll of immolation {unknown}
 l - 3 scrolls of remove curse
 m - 3 scrolls of teleportation
 n - a scroll of enchant weapon
 o - a scroll of recharging {unknown}


   Skills:
 + Level 7.2 Fighting
 + Level 5.5 Maces & Flails
 - Level 2.4 Armour
 - Level 2.4 Shields


You had 6 spell levels left.
You didn't know any spells.

Dungeon Overview and Level Annotations

Branches:
Dungeon (6/15)             Temple (1/1) D:5

Altars:
Ashenzari
Cheibriados
Dithmenos
Elyvilon
Fedhas
Gozag
Kikubaaqudgha
Makhleb
Nemelex Xobeh
Okawaru
Pakellas
Qazlal
Sif Muna
Trog
Vehumet
Xom
Yredelemnul
Zin
The Shining One

Shops:
D:4 *   D:5 (

Annotations:
D:6 gorblad's ghost, novice HOGl


Innate Abilities, Weirdness & Mutations

You do not eat or drink.
Your flesh is vulnerable to fire.
You are immune to poison.
Your flesh is cold resistant.
You are immune to negative energy.
You are immune to unholy pain and torment.
You can survive without breathing.


Message History

The hound bites you but does no damage.
Your shield and chain mail prevent you from hitting the hound.
The hound is lightly wounded.
The hound bites you.
* * * LOW HITPOINT WARNING * * *
You block the hound's attack.
You miss the hound.
The hound is lightly wounded.
The hound bites you.
* * * LOW HITPOINT WARNING * * *
The hound bites you but does no damage.
You hit the hound.
The hound is moderately wounded.
You block the hound's attack. The hound bites you but does no damage.
You sock the hound!
You kill the hound!
Cheibriados appreciates the change of pace.
The centaur shoots an arrow.
You block the arrow.
The centaur shoots an arrow.
The arrow hits you!
You die...

#.#...###.## #..###...#.
#..........####..####.##.
#.......##.........<..##!
#..........####..#######.
#...(.c.##...............
###((............######..
#.(.##########.# #..
##.###########.# #..
#..c†@........# ###
###############


You could see a centaur.

Vanquished Creatures
  2 eyes of draining (D:3)
  An ogre (D:4)
  2 giant frogs (D:6)
  A scorpion (D:6)
  A crimson imp (D:5)
  A jelly (D:6)
  A giant frog skeleton (D:5)
  2 orc priests (D:5)
  A hound (D:6)
  An orc wizard (D:5)
  2 iguanas
  Ijyb (D:3)
  Terence (D:3)
  3 worker ants
  3 adders (D:4)
  A gnoll (D:1)
  2 adder skeletons
  3 worms
  3 giant geckos
  13 orcs
  2 ball pythons (D:1)
  5 bats
  5 giant cockroaches
  5 goblins
  7 hobgoblins
  10 jackals
  10 kobolds
  A quokka (D:5)
  A ball python skeleton (D:5)
  4 giant newts
  7 rats
102 creatures vanquished.

Vanquished Creatures (others)
  An orc wizard (D:4)
1 creature vanquished.

Grand Total: 103 creatures vanquished

Notes
Turn   | Place    | Note
--------------------------------------------------------------
     0 | D:1      | gorblad the Mummy Fighter began the quest for the Orb.
     0 | D:1      | Reached XP level 1. HP: 18/18 MP: 1/1
   306 | D:1      | Reached XP level 2. HP: 14/24 MP: 2/2
   754 | D:1      | Reached XP level 3. HP: 24/30 MP: 3/3
  1485 | D:2      | Reached skill level 4 in Fighting
  2305 | D:3      | Found a radiant altar of Vehumet.
  2308 | D:3      | Found an opulent altar of Gozag.
  2308 | D:3      | Found an ancient bone altar of Kikubaaqudgha.
  2315 | D:3      | Found a shattered altar of Ashenzari.
  2392 | D:3      | Noticed Ijyb
  2408 | D:3      | Killed Ijyb
  2408 | D:3      | Reached XP level 4. HP: 31/38 MP: 4/4
  2426 | D:3      | Found a basalt altar of Yredelemnul.
  2500 | D:3      | Found a glowing silver altar of Zin.
  2537 | D:3      | Noticed Terence
  2542 | D:3      | Killed Terence
  2591 | D:3      | Found a blossoming altar of Fedhas.
  2951 | D:3      | Found a bloodstained altar of Trog.
  2951 | D:3      | Noticed an eye of draining
  2952 | D:3      | Noticed an eye of draining
  2968 | D:3      | Killed an eye of draining
  2968 | D:3      | Reached skill level 5 in Fighting
  2968 | D:3      | Reached XP level 5. HP: 42/44 MP: 0/5
  2974 | D:3      | Killed an eye of draining
  2974 | D:3      | Reached XP level 6. HP: 49/51 MP: 0/6
  3320 | D:4      | Reached skill level 6 in Fighting
  3462 | D:4      | Found Risup's Elemental Accessories.
  3554 | D:4      | Found a sparkling altar of Nemelex Xobeh.
  3562 | D:4      | Reached XP level 7. HP: 58/58 MP: 7/7
  3731 | D:5      | Entered Level 5 of the Dungeon
  3741 | D:5      | Found a deep blue altar of Sif Muna.
  3868 | D:5      | Found Xosesene's Weapon Emporium.
  4156 | D:5      | Found a staircase to the Ecumenical Temple.
  4265 | D:5      | Reached skill level 5 in Maces & Flails
  4495 | Temple   | Entered the Ecumenical Temple
  4750 | Temple   | Became a worshipper of Cheibriados the Contemplative
  4929 | D:6      | Noticed gorblad's ghost (novice HOGl)
  5027 | D:6      | Found a shadowy altar of Dithmenos.
  5063 | D:6      | Reached skill level 7 in Fighting
  5097 | D:6      | Shot with an arrow by a centaur

Vault maps used:
D:1:      evilmike_arrival_hilbert_curve, minmay_crystal_water
D:3:      fedhas_altar_3, trog_eyes_of_draining, marbit_many_paths,
          grunt_temple_overflow_open, lemuel_doored_altar, uniq_iyjb,
          uniq_terence
D:4:      nemelex_xobeh_ov_fountains_minmay, nicolae_elemental_shop
D:5:      overflow_temple_1_default, temple_fountains, serial_shops, shop,
          first_bread
D:6:      grunt_dithmenos_smoke_and_mirrors, serial_park_tiny_1, uniq_edmund
Temple:   jpeg_temple_alley_garden_8

Action                   |  1- 3 |  4- 6 |  7- 9 || total
-------------------------+-------+-------+-------++-------
Melee: Flail             |   178 |   101 |   131 ||   410
  Use: Scroll            |    10 |       |     5 ||    15
